 Dungeon Crawl Stone Soup version 0.30.1-3-gfc49f6343a (webtiles) character file.

Game seed: 16633539138400843721

1169 Bronimir the Trooper (level 8, -2/88 HPs)
             Began as an Ogre Cinder Acolyte on July 29, 2023.
             Was a Priest of Ignis.
             Slain by a swamp dragon (glowing shapeshifter) (11 damage)
             ... on level 5 of the Dungeon.
             The game lasted 00:13:53 (4767 turns).

Bronimir the Trooper (Ogre Cinder Acolyte)          Turns: 4767, Time: 00:13:54

Health: -2/88      AC:  5    Str: 21    XL:     8   Next: 40%
Magic:  11/11      EV:  9    Int: 15    God:    Ignis [***...]
Gold:   277        SH:  0    Dex:  4    Spells: 10/12 levels left

rFire   + . .        t - +3 quarterstaff (chaos)
rCold   . . .        (shield currently unavailable)
rNeg    . . .        i - +1 robe {Will+}
rPois   .            (helmet restricted)
rElec   .            u - +0 cloak
rCorr   .            (gloves unavailable)
SInv    .            (boots unavailable)
Will    +....        (no amulet)
Stlth   +            (no ring)
HPRegen 0.34/turn    (no ring)
MPRegen 0.12/turn

%: no passive effects
@: confused, ambrosia-drunk, flying, invisible
A: large, unfitting armour, tough skin 1
a: Renounce Religion, Fiery Armour, Foxfire Swarm, Rising Flame


You were on level 5 of the Dungeon.
You worshipped Ignis.
Ignis was most pleased with you.
You visited 1 branch of the dungeon, and saw 5 of its levels.
You also visited: Sewer.

You collected 277 gold pieces.

Inventory:

Hand Weapons
 a - a -1 spear of flaming
 d - a +0 whip
 r - a +0 flail
 t - a +3 quarterstaff of chaos (weapon)
 G - a +0 arbalest
 J - a +2 falchion of electrocution
Missiles
 j - 3 throwing nets
 x - 13 poisoned darts (quivered)
Armour
 b - a +0 robe
 i - a +1 robe of willpower (worn)
 l - a scarf of shadows
 u - a +0 cloak (worn)
Wands
 H - a wand of polymorph (11)
 L - a wand of mindburst (10)
 M - a wand of flame (20)
Scrolls
 c - 2 scrolls of blinking {unknown}
 e - a scroll of amnesia {unknown}
 f - a scroll of teleportation {unknown}
 h - 5 scrolls of fear {unknown}
 k - 2 scrolls of identify {unknown}
 p - 3 scrolls of fog {unknown}
 y - a scroll of enchant armour {unknown}
 B - 2 scrolls of poison {unknown}
 F - a scroll of noise {unknown}
 I - a scroll of immolation {unknown}
 K - a scroll of summoning {unknown}
Potions
 g - 2 potions of curing
 m - a potion of invisibility
 n - 2 potions of degeneration {unknown}
 o - 2 potions of resistance
 q - a potion of ambrosia
 s - 2 potions of flight
 v - a potion of brilliance {unknown}
 w - a potion of attraction {unknown}
 z - a potion of heal wounds {unknown}
 A - 4 potions of mutation {unknown}
 C - 3 potions of magic {unknown}
 D - a potion of might {unknown}
 E - a potion of haste {unknown}


   Skills:
 * Level 7.9 Fighting
 + Level 4.9(5.6) Polearms
 + Level 4.3(5.4) Staves
 + Level 2.5 Dodging
 - Level 0.2 Stealth
 + Level 2.6 Spellcasting
 * Level 3.9 Fire Magic
 * Level 1.6 Evocations


You had 10 spell levels left.
You knew the following spells:

 Your Spells              Type           Power      Damage    Failure   Level
a - Scorch                Fire           26%        2d6       6%          2

Your spell library contained the following spells:

 Spells                   Type           Power      Damage    Failure   Level
 Beastly Appendage        Tmut           2%         N/A       22%         1
 Wereblood                Tmut           1%         N/A       32%         2
 Spider Form              Tmut/Pois      1%         N/A       54%         3


Dungeon Overview and Level Annotations

Branches:
Dungeon (5/15)              Sewer (visited)
 Temple: D:4-7

Altars:
Ashenzari
The Shining One

Shops:
D:5 (


Innate Abilities, Weirdness & Mutations

You are too large for most types of armour.
You have tough skin. (AC +1)


Message History

The gnoll hits you from afar with a +0 spear.
You hit the gnoll bouda. You freeze the gnoll bouda.
The gnoll bouda is lightly wounded.
The gnoll hits you from afar with a +0 spear.
The gnoll bouda barks out a call to the hunt!
The gnoll picks up the pace!
You closely miss the gnoll bouda.
The gnoll bouda is lightly wounded.
The gnoll barely misses you. The gnoll bouda closely misses you.
You sock the gnoll bouda! You burn the gnoll bouda.
The gnoll bouda is almost dead.
The gnoll hits you from afar with a +0 spear.
The gnoll bouda gazes fiercely through you!
You feel your attacks grow feeble.
The gnoll bouda hits you with a +0 whip.
You hit the gnoll bouda.
You kill the gnoll bouda!
The gnoll hits you but does no damage.
You hit the adder.
The adder changes into a glowing shapeshifter!
The glowing shapeshifter changes into a deep troll!
The gnoll hits you but does no damage.
You completely miss the deep troll. The gnoll closely misses you.
The deep troll barely misses you. The deep troll claws you!
* * * LOW HITPOINT WARNING * * *
The deep troll barely misses you.
You fade into invisibility!
The gnoll closely misses you. The deep troll bites you!
* * * LOW HITPOINT WARNING * * *
The deep troll claws you but does no damage.
The deep troll barely misses you.
Your attacks no longer feel as feeble.
It was a potion of flight.
You feel very buoyant.
You fly up into the air.
The deep troll changes into a swamp dragon!
It was a potion of ambrosia.
You are confused.
You feel invigorated. The swamp dragon bites you!
You die...

####### .......
.......###########
........o.g{lD@..#####
........########.#<..#
............# #.###.#
........###.####...#.#
......... #....#.#.#
#......## ###.#....#.#
'...... .......>...#
#...... #####.#.####
#...... #...#


You could see a swamp dragon shaped shifter (unable to see you), an iguana
(unable to see you), a gnoll (swift, unable to see you) and an orc (unable to
see you).

Vanquished Creatures
  Grinder (Sewer)
  Sigmund (D:5)
  A water moccasin (D:5)
  A kobold brigand (Sewer)
  A scorpion (D:5)
  A howler monkey (D:5)
  2 quasits (Sewer)
  Crazy Yiuf (D:2)
  A gnoll bouda (D:5)
  Jessica (D:2)
  2 iguanas (D:4)
  Ijyb (D:5)
  Terence (D:2)
  2 orc wizards (D:5)
  7 gnolls
  5 adders
  3 river rats (D:3)
  2 shadow imps
  A white imp (D:5)
  6 ufetubi
  2 worms
  A dart slug (D:1)
  6 orcs
  6 endoplasms
  6 giant cockroaches
  7 goblins
  5 hobgoblins
  27 kobolds
  3 quokkas
  9 ball pythons
  7 bats
  2 frilled lizards
  A kobold zombie (Sewer)
  8 rats
131 creatures vanquished.

Vanquished Creatures (others)
  An endoplasm (Sewer)
  A giant cockroach zombie (Sewer)
  A kobold zombie (Sewer)
3 creatures vanquished.

Grand Total: 134 creatures vanquished

Notes
Turn   | Place    | Note
-------+----------+-------------------------------------------
     0 | D:1      | Bronimir the Ogre Cinder Acolyte began the quest for the
                  | Orb.
     0 | D:1      | Reached XP level 1. HP: 24/24 MP: 2/2
    92 | D:1      | Reached XP level 2. HP: 18/32 MP: 3/3
   174 | D:1      | Learned a level 2 spell: Scorch
   674 | D:1      | Reached XP level 3. HP: 40/40 MP: 4/4
   879 | D:2      | Found a broken altar of Ashenzari.
   903 | D:2      | Reached XP level 4. HP: 30/49 MP: 0/5
  1086 | D:2      | Noticed Jessica
  1100 | D:2      | Killed Jessica
  1101 | D:2      | Reached skill level 5 in Fighting
  1350 | D:2      | Noticed Terence
  1360 | D:2      | Killed Terence
  1361 | D:2      | Reached XP level 5. HP: 24/57 MP: 4/7
  1481 | D:2      | Found a runed translucent door.
  1482 | D:2      | Noticed Crazy Yiuf
  1489 | D:2      | Killed Crazy Yiuf
  1985 | D:3      | Reached skill level 1 in Dodging
  2216 | D:3      | Found a glowing drain.
  2230 | Sewer    | Entered a sewer
  2291 | Sewer    | Reached XP level 6. HP: 30/67 MP: 8/8
  2371 | Sewer    | Reached skill level 1 in Staves
  2380 | Sewer    | Found a burning altar of Makhleb.
  2389 | Sewer    | Noticed Grinder
  2396 | Sewer    | Paralysed by Grinder for 2 turns
  2401 | Sewer    | Paralysed by Grinder for 3 turns
  2402 | Sewer    | Reached skill level 6 in Fighting
  2405 | Sewer    | Killed Grinder
  2406 | Sewer    | Reached XP level 7. HP: 29/76 MP: 6/10
  2798 | D:3      | Found a glowing golden altar of the Shining One.
  2853 | D:3      | Found a faded altar of an unknown god.
  4068 | D:5      | Entered Level 5 of the Dungeon
  4112 | D:5      | Reached skill level 1 in Evocations
  4234 | D:5      | Found Mebefad's Antique Weapon Shoppe.
  4243 | D:5      | Noticed Ijyb
  4268 | D:5      | Reached skill level 7 in Fighting
  4334 | D:5      | Noticed Sigmund
  4352 | D:5      | Killed Ijyb
  4357 | D:5      | Killed Sigmund
  4358 | D:5      | Reached XP level 8. HP: 49/87 MP: 1/11
  4758 | D:5      | an adder changed into a glowing shapeshifter
  4758 | D:5      | Noticed a glowing shapeshifter (glowing shapeshifter)
  4758 | D:5      | a glowing shapeshifter changed into a deep troll
  4758 | D:5      | Noticed a deep troll (glowing shapeshifter)
  4760 | D:5      | HP: 3/88 [deep troll (glowing shapeshifter) (13)]
  4766 | D:5      | a deep troll changed into a swamp dragon
  4766 | D:5      | Noticed a swamp dragon (glowing shapeshifter)
  4767 | D:5      | Slain by a swamp dragon (glowing shapeshifter)

Illustrated notes

Levels and vault maps discovered:
D:1:      elethiomel_arrival_quiet, layout_basic, st_stairs_10,
          hangedman_glass_teeth
D:2:      layout_loops_ring, basic_altar, uniq_crazy_yiuf_cottage, uniq_jessica,
          uniq_terence
D:3:      layout_rooms, mainiacjoe_overflow_alcove_1, portal_sewer_entry_e,
          hellmonk_ecumenical_altar_zigzags
D:4:      layout_basic, minivault_4
D:5:      layout_basic, serial_shops, shop, uniq_ijyb, uniq_edmund, uniq_sigmund

Skill      XL: |  1  2  3  4  5  6  7  8 |
---------------+-------------------------+-----
Polearms       | 4 |  4.9
Fighting       | 5 6 7 |  7.9
Dodging        | 1 2 |  2.5
Fire Magic     | 3 |  3.9
Staves         | 2 3 4 |  4.3
Spellcasting   | 2 |  2.6
Evocations     | 1 |  1.6
Stealth        | |  0.2

Action                     |  1- 3 |  4- 6 |  7- 9 || total
---------------------------+-------+-------+-------++-------
  Melee: Spear             |    97 |    37 |       ||   134
         Punch             |     1 |       |       ||     1
         Quarterstaff      |       |    70 |   121 ||   191
  Throw: Dart              |       |       |     3 ||     3
   Cast: Scorch            |     3 |     7 |     8 ||    18
 Invoke: Fiery Armour      |     1 |     4 |       ||     5
    Use: Potion            |       |     3 |     5 ||     8
   Stab: Invisible         |       |     1 |       ||     1
 Armour: Robe              |    23 |    66 |    43 ||   132
  Dodge: Dodged            |    30 |    62 |    78 ||   170
